 Dungeon Crawl Stone Soup version 0.25-a0-97-g19cdb01 (webtiles) character file.

Game seed: 15474019742741551499, levelgen mode: deterministic

2912 CanOfBees the Gusty (level 9, -10/73 HPs)
             Began as a Demigod Air Elementalist on Nov 13, 2019.
             Mangled by a two-headed ogre
             ... wielding a +0 giant club
              (11 damage)
             ... on level 7 of the Dungeon.
             The game lasted 00:24:10 (11890 turns).

CanOfBees the Gusty (Demigod Air Elementalist)     Turns: 11890, Time: 00:24:11

Health: -10/73     AC:  4    Str: 11    XL:     9   Next: 25%
Magic:  1/18       EV: 14    Int: 25    God:
Gold:   391        SH:  0    Dex: 16    Spells: 1/16 levels left

rFire    . . .     SeeInvis .   C - +4 long sword
rCold    + . .     Gourm    .   (no shield)
rNeg     . . .     Faith    .   a - +0 robe
rPois    .         Spirit   .   (no helmet)
rElec    .         Reflect  .   r - +0 cloak
rCorr    .         Harm     .   z - +0 pair of gloves
MR       .....                  (no boots)
Stlth    ++........             (no amulet)
HPRegen  0.22/turn              y - ring of protection from cold
MPRegen  0.16/turn              (no ring)

@: very slightly contaminated
A: high mp 1
a: no special abilities


You were on level 7 of the Dungeon.
You were not hungry.

You visited 1 branch of the dungeon, and saw 7 of its levels.

You collected 391 gold pieces.

Inventory:

Hand Weapons
 e - a +0 short sword
 l - a +2 halberd
 x - a +1 hunting sling of flaming
 C - a +4 long sword (weapon)
 E - a +2 war axe of electrocution
 F - a +3 morningstar
Missiles
 i - 66 sling bullets
 k - 3 throwing nets (quivered)
 m - 6 poisoned darts
 u - 112 arrows
Armour
 a - a +0 robe (worn)
 r - a +0 cloak (worn)
 z - a +0 pair of gloves (worn)
Jewellery
 t - the ring of Xom's Bemusement {Ice *Drain +Blink Dex+4}
   (You found it on level 4 of the Dungeon)

   [ring of ice]

   It enhances your ice magic.
   It affects your dexterity (+4).
   It makes you vulnerable to fire.
   It protects you from cold.
   It lets you blink.
   It causes draining when unequipped.
 y - a ring of protection from cold (left hand)
Wands
 q - a wand of paralysis (3)
 G - a wand of iceblast (7)
Scrolls
 d - a scroll of fog
 f - 5 scrolls of teleportation
 g - a scroll of fear
 j - a scroll of magic mapping
 A - a scroll of vulnerability {unknown}
 D - 2 scrolls of remove curse
 H - a scroll of identify
Potions
 b - a potion of ambrosia
 h - 4 potions of curing
 n - a potion of degeneration {unknown}
 o - a potion of flight {unknown}
 p - 3 potions of lignification
 s - a potion of resistance
 v - 2 potions of might
 w - a potion of mutation {unknown}
 B - a potion of berserk rage {unknown}
Comestibles
 c - 10 rations


   Skills:
 + Level 4.9 Fighting
 - Level 4.0 Dodging
 - Level 1.7 Stealth
 - Level 4.2 Spellcasting
 + Level 5.9 Conjurations
 + Level 2.5 Charms
 * Level 7.1 Air Magic


You had one spell level left.
You knew the following spells:

 Your Spells              Type           Power        Failure   Level  Hunger
a - Shock                 Conj/Air       ####         1%          1    None
b - Swiftness             Chrm/Air       ####....     1%          2    None
c - Static Discharge      Conj/Air       #####...     1%          3    ##.....
d - Airstrike             Air            #####.....   4%          4    ####...
e - Lightning Bolt        Conj/Air       #####.....   17%         5    #####..

Your spell library contained the following spells:

 Spells                   Type           Power        Failure   Level  Hunger


Dungeon Overview and Level Annotations

Branches:
Dungeon (7/15)             Temple (0/1) D:7

Annotations:
D:4 2 runed translucent doors, Crazy Yiuf; HilariousDeathArtist's ghost, amateur DgFi


Innate Abilities, Weirdness & Mutations

You have an increased reservoir of magic. (+10% MP)


Message History

You don't have enough magic to cast that spell.
You see here a +0 robe.
As you read the scroll of fear, it crumbles to dust.
You assume a fearsome visage.
The two-headed ogre resists with almost no effort.
The two-headed ogre barely misses you.
You riposte.
You barely miss the two-headed ogre.
The two-headed ogre is heavily wounded.
The two-headed ogre hits you with a +0 giant club!!
* * * LOW HITPOINT WARNING * * *
Okay, then.
Okay, then.
Okay, then.
Evoke which item? (* to show all) (? for menu, Esc to quit)
Aiming: Paralyse
Press: ? - help, Shift-Dir - straight line, f - two-headed ogre
Aim: a two-headed ogre, wielding two +0 giant clubs (heavily wounded, chance to defeat MR: 28%)
The two-headed ogre easily resists.
The two-headed ogre hits you with a +0 giant club!
You die...

#..#...........#.......# #....##
#..#.#.#.##.#.....##...###)###.##
#....#.#....#.##.####......# #...
#................# ####...###.##
#....######.####[# #.#.)..##
###### #......# #.#.#.## #
######)# #.#.#.# # #O# #.#...# #
#@# #....## # #)# #..#.# # #.#
#..#.# # #.# #..#.# # #.#
#..#.##### # #.# #...#..... # #.#
#..#.##### # #.# #..#...).. #.#
#..####...


You could see a two-headed ogre.

Vanquished Creatures
  Joseph (D:7)
  Grinder (D:3)
  Sigmund (D:4)
  A steam dragon (D:7)
  Duvessa (D:4)
  An orc warrior (D:6)
  An ice beast (D:3)
  A phantom (D:5)
  A necrophage (D:6)
  2 ogres
  A centaur (D:6)
  Blork the orc (D:6)
  2 bullfrogs
  Dowan (D:4)
  5 wights (D:7)
  A howler monkey (D:7)
  7 crimson imps
  2 orc priests (D:6)
  3 jellies
  An orc wizard (D:4)
  A centaur skeleton (D:5)
  4 hounds
  Terence (D:3)
  2 iguanas
  2 worker ants (D:4)
  A worker ant zombie (D:6)
  11 adders
  A howler monkey skeleton (D:6)
  An ooze (D:2)
  2 adder skeletons
  4 worms
  A dart slug (D:3)
  4 leopard geckos
  14 orcs
  4 ball pythons
  6 giant cockroaches
  7 goblins
  8 hobgoblins
  15 jackals
  4 quokkas
  13 bats
  5 frilled lizards
  A jackal skeleton (D:6)
  12 kobolds
  A quokka skeleton (D:4)
  7 rats
167 creatures vanquished.

Notes
Turn   | Place    | Note
-------+----------+-------------------------------------------
     0 | D:1      | CanOfBees the Demigod Air Elementalist began the quest for
                  | the Orb.
     0 | D:1      | Reached XP level 1. HP: 14/14 MP: 5/5
   129 | D:1      | Reached skill level 1 in Conjurations
   730 | D:1      | Reached XP level 2. HP: 20/20 MP: 5/7
   927 | D:1      | Found a sparkling altar of Nemelex Xobeh.
  1402 | D:1      | Learned a level 2 spell: Swiftness
  1422 | D:2      | Reached skill level 3 in Air Magic
  1590 | D:2      | Reached XP level 3. HP: 26/26 MP: 4/9
  2349 | D:2      | Found a sacrificial altar of Ru.
  2859 | D:2      | Reached XP level 4. HP: 21/33 MP: 7/11
  3752 | D:2      | Learned a level 3 spell: Static Discharge
  3783 | D:3      | Noticed an ice beast
  4230 | D:3      | Killed an ice beast
  4230 | D:3      | Reached XP level 5. HP: 36/38 MP: 3/13
  4323 | D:3      | Noticed Grinder
  4325 | D:3      | Noticed Terence
  4331 | D:3      | Killed Grinder
  4331 | D:3      | Reached skill level 4 in Air Magic
  4331 | D:3      | Reached XP level 6. HP: 45/45 MP: 10/15
  4331 | D:3      | Killed Terence
  4918 | D:3      | Found an iron altar of Okawaru.
  4918 | D:3      | Found a shimmering altar of Xom.
  4919 | D:3      | Found a snail-covered altar of Cheibriados.
  5230 | D:4      | Noticed Sigmund
  5237 | D:4      | Noticed Duvessa
  5240 | D:4      | Noticed Dowan
  5722 | D:4      | Learned a level 4 spell: Airstrike
  5762 | D:4      | Killed Sigmund
  5762 | D:4      | Reached skill level 1 in Fighting
  5762 | D:4      | Reached XP level 7. HP: 48/52 MP: 6/16
  5981 | D:4      | Killed Dowan
  6274 | D:4      | Got a bound copper ring
  6278 | D:4      | Identified the ring of Xom's Bemusement {Ice *Drain +Blink
                  | Dex+4} (You found it on level 4 of the Dungeon)
  6305 | D:4      | Found a runed translucent door.
  6306 | D:4      | Noticed Crazy Yiuf
  6635 | D:4      | Killed Duvessa
  6759 | D:4      | Noticed HilariousDeathArtist's ghost (amateur DgFi)
  6761 | D:4      | Found a runed translucent door.
  6789 | D:5      | Entered Level 5 of the Dungeon
  6983 | D:5      | Reached skill level 5 in Air Magic
  7591 | D:5      | Reached XP level 8. HP: 44/62 MP: 1/17
  8040 | D:6      | Found a white marble altar of Elyvilon.
  8119 | D:6      | Noticed Blork the orc
  8134 | D:6      | Killed Blork the orc
  8878 | D:6      | Reached skill level 5 in Conjurations
  9187 | D:6      | Found a stormy altar of Qazlal.
  9455 | D:6      | Reached skill level 6 in Air Magic
  9702 | D:6      | Learned a level 5 spell: Lightning Bolt
  9776 | D:7      | Noticed Joseph
  9781 | D:6      | Reached skill level 1 in Charms
  9815 | D:7      | Killed Joseph
 10374 | D:7      | Reached XP level 9. HP: 72/72 MP: 13/18
 11038 | D:7      | Found a staircase to the Ecumenical Temple.
 11222 | D:7      | Reached skill level 7 in Air Magic
 11245 | D:7      | Noticed a two-headed ogre
 11889 | D:7      | HP: 1/73 [two-headed ogre/+0 giant club (26)]
 11890 | D:7      | Mangled by a two-headed ogre

Levels and vault maps discovered:
D:1:      dpeg_arrival_erosion, layout_basic, nemelex_diamond_rough_becter
D:2:      layout_loops_ring, serial_forest, infiniplex_forest_join,
          infiniplex_forest_clump_curved, infiniplex_forest_lined_corner,
          infiniplex_forest_straight_2, infiniplex_forest_lined_4_way,
          infiniplex_forest_clump_long, infiniplex_forest_clump_medium,
          minmay_stone_trees_medium, nicolae_ru_path_of_blood
D:3:      layout_basic, gammafunk_temple_overflow_claw, first_ration,
          uniq_terence, uniq_grinder
D:4:      layout_rooms, ebering_ghost_inner_flame, mrwooster_statue_mirror,
          uniq_sigmund, uniq_duvessa, uniq_crazy_yiuf_cottage
D:5:      layout_rooms
D:6:      layout_loops_corners, elyvilon_altar_5, overflow_temple_1_default,
          uniq_blork_the_orc
D:7:      layout_loops_ring, minmay_temple_entry_ruins, grunt_decor_one_mirror,
          uniq_joseph

Skill      XL: |  1  2  3  4  5  6  7  8  9 |
---------------+----------------------------+-----
Conjurations   | 1 2 3 4 5 |  5.9
Spellcasting   | 2 3 4 |  4.2
Air Magic      | 3 4 5 6 7 |  7.1
Fighting       | 1 2 4 |  4.9
Dodging        | 2 3 4 |  4.0
Charms         | 1 2 |  2.5
Stealth        | |  1.7

Action                   |  1- 3 |  4- 6 |  7- 9 || total
-------------------------+-------+-------+-------++-------
Melee: Short sword       |    16 |    73 |    50 ||   139
 Fire: Hunting sling     |       |       |    13 ||    13
Throw: Throwing net      |       |       |     1 ||     1
 Cast: Shock             |    66 |    70 |   165 ||   301
       Static Discharge  |       |     9 |    13 ||    22
       Airstrike         |       |       |    29 ||    29
       Lightning Bolt    |       |       |     2 ||     2
Evoke: Wand              |       |     3 |    16 ||    19
  Use: Scroll            |     1 |    12 |     9 ||    22
       Potion            |       |     1 |     1 ||     2
 Stab: Paralysed         |       |     2 |       ||     2
  Eat: Chunk             |     5 |     7 |    18 ||    30
       Ration            |       |     1 |     2 ||     3
Armor: Robe              |    16 |    24 |    18 ||    58
       Skin              |       |     2 |       ||     2
Dodge: Dodged            |    45 |    87 |    92 ||   224
       Rpst.: Long sword |       |       |     1 ||     1

Table legend:
 A = Non-vault XP
 B = Vault XP
 C = Vault XP percentage of total XP
 D = Non-vault monster count
 E = Vault monster count
 F = Vault count percentage of total count
                 A         B        C        D         E       F
            +---------+---------+-------+---------+---------+-------
      Total |    2902 |    1259 |  30.3 |     160 |       7 |   4.2
            +---------+---------+-------+---------+---------+-------
        D:1 |      33 |       0 |   0.0 |      22 |       0 |   0.0
        D:2 |     100 |       0 |   0.0 |      29 |       0 |   0.0
        D:3 |     206 |     290 |  58.5 |      32 |       2 |   5.9
        D:4 |     180 |     435 |  70.7 |      17 |       3 |  15.0
        D:5 |     581 |       0 |   0.0 |      14 |       0 |   0.0
        D:6 |     897 |     100 |  10.0 |      25 |       1 |   3.8
        D:7 |     905 |     434 |  32.4 |      21 |       1 |   4.5
            +---------+---------+-------+---------+---------+-------
